[Event "Polofinale MCR junioru 2023"]
[Site "Czech Republic"]
[Date "2023.11.15"]
[Round "6.7"]
[White "Lihotsky, Lukas"]
[Black "Hurtik, Matej"]
[Result "1-0"]
[TimeControl "90 min per 40 moves + 15 min + 30 sec / move from move 1"]
[WhiteFideId "23727004"]
[BlackFideId "397997"]
[WhiteElo "2100"]
[BlackElo "2131"]

1. d4 e5 2. dxe5 Nc6 3. Nf3 d6 4.
Bg5 Qd7 5. exd6 Bxd6 6. Nc3 h6 7. Bh4 Qg4 8. e3 Qb4 9. a3 Qg4 10. Nb5 Be6 11. Nxd6+ cxd6 12. Qxd6 g5 13. Bg3 Rd8 14.
Qc5 Nge7 15. h4 gxh4 16. Rxh4 Qg7 17. Nd4 Rd5 18. Qc3 Nxd4 19. Rxd4 Nf5 20. Rxd5 Qxc3+ 21. bxc3 Bxd5 22. Bf4 Ke7 23. f3 Nh4 24.
e4 Be6 25. Be3 b6 26. a4 f5 27. e5 Rc8 28. Bd4 a5 29. Kf2 f4 30. Bb5 Nf5 31. Bd3 h5 32. Bxb6 Rxc3 33. Bxa5 Rc6 34.
Bb4+ Kf7 35. Be4 Rc8 36. a5 Ne3 37. c3 Rg8 38. Rg1 h4 39. a6 Rd8 40. Bd6 Bd5 41. Bxd5+ Nxd5 42. c4 Ne3 43.
c5 Ra8 44. Ra1 Rg8 45. e6+ Kxe6 46. Bxf4 Nc2 47. Ra4 Kd5 48. Be3 Re8 49. a7 1-0

[Event "Polofinale MCR junioru 2023"]
[Site "Czech Republic"]
[Date "2023.11.15"]
[Round "6.8"]
[White "Ocelak, Jakub"]
[Black "Prazak, Daniel"]
[Result "1/2-1/2"]
[TimeControl "90 min per 40 moves + 15 min + 30 sec / move from move 1"]
[WhiteFideId "23707933"]
[BlackFideId "23709456"]
[WhiteElo "2238"]
[BlackElo "2103"]

1. e4 e5 2. Nf3 Nc6 3. Bb5 Nf6 4. d3 Bc5 5. c3 d5 6. exd5 Qxd5 7. Bc4 Qd6 8. Nbd2 Bf5 9. b4 Bb6 10.
Ng5 O-O 11. Nde4 Nxe4 12. dxe4 Qxd1+ 13. Kxd1 Bg4+ 14. Kc2 h6 15. Nf3 Bxf2 16. Rf1 Bb6 17. a4 a6 18. Nh4 Ne7 19. a5 Ba7 20.
Ba3 Bd7 21. Bb3 Rae8 22. b5 Bxb5 23. Bxe7 Rxe7 24. Ng6 Rd7 25. Nxf8 Kxf8 26. Rad1 Rxd1 27. Rxd1 Ke7 28. Ra1 Bd7 29.
Bd5 1/2-1/2

[Event "Polofinale MCR junioru 2023"]
[Site "Czech Republic"]
[Date "2023.11.15"]
[Round "6.9"]
[White "Winter, Ondrej"]
[Black "Jasso, Matej"]
[Result "1-0"]
[TimeControl "90 min per 40 moves + 15 min + 30 sec / move from move 1"]
[WhiteFideId "23702192"]
[BlackFideId "23710748"]
[WhiteElo "2163"]
[BlackElo "2033"]

1. e4 c5 2. Nf3 d6 3. Bb5+ Bd7 4. Bxd7+ Qxd7 5. O-O Nf6 6. Re1 Nc6 7. c3 e6 8. d4 cxd4 9. cxd4 d5 10.
e5 Ne4 11. Nbd2 Nxd2 12. Bxd2 Be7 13. Rc1 O-O 14. a3 b5 15. Rc3 b4 16. Rd3 Rfc8 17. h4 h6 18. Nh2 bxa3 19. bxa3 Qd8 20.
Qg4 Kh8 21. Rg3 Qf8 22. Nf3 Nd8 23. Qh5 Rc4 24. Rb1 Rac8 25. Be3 Rc3 26. a4 R3c4 27. Ra1 R8c7 28. Rh3 Kh7 29. a5 Rd7 30.
a6 Rdc7 31. Kh1 R7c6 32. Bd2 Rc2 33. Be3 R2c4 34. Qg4 f5 35. exf6 Bxf6 36. Rg3 Kh8 37. Rb1 e5 38. Rb8 exd4 39.
Bxd4 Bxd4 40. Nxd4 Rd6 41. Rf3 Rf6 42. Qd7 Rxd4 43. Rxd8 Rxf3 44. gxf3 1-0

[Event "Polofinale MCR junioru 2023"]
[Site "Czech Republic"]
[Date "2023.11.15"]
[Round "6.10"]
[White "Zezula, Jakub"]
[Black "Vilimek, Vit"]
[Result "0-1"]
[TimeControl "90 min per 40 moves + 15 min + 30 sec / move from move 1"]
[WhiteFideId "23723203"]
[BlackFideId "23718218"]
[WhiteElo "2002"]
[BlackElo "2163"]

1. e4 c6 2. d4 d5 3. Nc3 dxe4 4. Nxe4 Nf6 5. Nxf6+ exf6 6. c3 Bd6 7. Nf3 O-O 8. Be2 Re8 9.
O-O Bf5 10. h3 Nd7 11. Be3 Nf8 12. Bd3 Be6 13. Re1 Bc7 14. Qd2 Qd6 15. c4 Ng6 16. Rad1 a5 17. b3 a4 18. b4 b5 19.
d5 cxd5 20. Bxg6 fxg6 21. cxd5 Bf7 22. Bc5 Rxe1+ 23. Qxe1 Qd7 24. d6 Re8 25. Qd2 Bb8 26. Nd4 Bc4 27. Kh1 Bd5 28. Kg1 Bc4 29.
Kh1 Re5 30. Nf3 Re2 31. Qc3 Bxa2 32. Nd4 Re8 33. Nxb5 Bb3 34. Rd3 Qxb5 35. d7 Rd8 36. Be7 Rxd7 37. Qc8+ Kf7 38. Qxd7 Qxd7 39.
Rxd7 a3 40. Bc5+ Ke6 41. Rd3 a2 42. Bd4 Be5 43. Re3 Kd5 44. Rxe5+ Kxd4 45. Re1 Bc2 46. Ra1 Bb1 0-1

[Event "Polofinale MCR junioru 2023"]
[Site "Czech Republic"]
[Date "2023.11.15"]
[Round "6.11"]
[White "Hlavina, Matous"]
[Black "Svacina, Tobias"]
[Result "1/2-1/2"]
[TimeControl "90 min per 40 moves + 15 min + 30 sec / move from move 1"]
[WhiteFideId "386650"]
[BlackFideId "385859"]
[WhiteElo "2134"]
[BlackElo "1941"]

1. e4 c5 2. Nf3 Nc6 3. Nc3 Nf6 4. d4 cxd4 5. Nxd4 Qb6 6. Nb3 e6 7. Bd3 Bb4 8. O-O a6 9. Kh1 Qc7 10.
f4 h5 11. Qe2 h4 12. e5 Nh5 13. Ne4 b5 14. c3 Be7 15. Be3 Bb7 16. Nbc5 Nd8 17. b4 Bc6 18. a4 bxa4 19. Nxa4 f5 20.
Nd6+ Kf8 21. Rf3 Nf7 22. Nb6 Rb8 23. Nbc4 Bd5 24. Rxa6 Bxd6 25. exd6 Qc8 26. Nb6 Bxf3 27. Qxf3 Qxc3 28.
Nxd7+ Kg8 29. Nxb8 Qxd3 30. Ra1 Qxd6 31. Nc6 Nf6 32. Bc5 Qd2 33. Rd1 Qc2 34. Nd4 Qc4 35. Kg1 h3 36. gxh3 Ne4 37.
Qd3 Qd5 38. Ne2 Qa8 39. Nc3 Nxc3 40. Qxc3 Rh6 41. Rd3 Qe4 42. Rg3 e5 43. Qe3 exf4 44. Qxe4 fxe4 45. Rg4 g5 46. Be7 Rxh3 47.
Bxg5 Nxg5 48. Rxg5+ Kh7 49. Rg4 Rb3 50. Rxf4 Rxb4 51. Kf2 1/2-1/2

[Event "Polofinale MCR junioru 2023"]
[Site "Czech Republic"]
[Date "2023.11.15"]
[Round "6.12"]
[White "Stocek, Martin"]
[Black "Tillman, Stanislav"]
[Result "0-1"]
[TimeControl "90 min per 40 moves + 15 min + 30 sec / move from move 1"]
[WhiteFideId "380121"]
[BlackFideId "23714247"]
[WhiteElo "2125"]
[BlackElo "2021"]

1. d4 Nf6 2. c4 e6 3. Nf3 d5 4. Nc3 Bb4 5. Qa4+ Nc6 6. e3 O-O 7. Bd2 Bxc3 8. Bxc3 Ne4 9. Bd3 f5 10.
Rc1 a6 11. O-O Qe8 12. Qc2 Rb8 13.
Bd2 Bd7 14. a4 Qh5 15. b4 g5 16. b5 g4 17.
Ne5 Nxe5 18. dxe5 axb5 19. axb5 c6 20. Bb4 Rf7 21. Bd6 Nxd6 22. exd6 Rf6 23. f4 Rh6 24. g3 dxc4 25. Bxc4 cxb5 26.
Bb3 Bc6 27. Rfd1 Rd8 28. Qa2 Qe8 29. Rc5 Rf6 30. Re5 Kf7 31. Qa5 h5 32. Qb4 h4 33. Bc2 hxg3 34. hxg3 Qh8 35. e4 Qh3 36.
exf5 Qg2# 0-1

[Event "Polofinale MCR junioru 2023"]
[Site "Czech Republic"]
[Date "2023.11.15"]
[Round "6.13"]
[White "Janous, Marek"]
[Black "Pelc, Adam"]
[Result "1-0"]
[TimeControl "90 min per 40 moves + 15 min + 30 sec / move from move 1"]
[WhiteFideId "23709650"]
[BlackFideId "23723033"]
[WhiteElo "2098"]
[BlackElo "1856"]

1. e4 c6 2. d4 d5 3. e5 c5 4. dxc5 Nc6 5. f4 e6 6. Be3 d4 7. Bf2 Bxc5 8. Nf3 Nge7 9. Bd3 Nd5 10.
O-O Nxf4 11. Be4 O-O 12. Nbd2 Ng6 13. Nb3 Bb6 14. Nbxd4 Nxd4 15. Nxd4 Qg5 16. Nf3 Bxf2+ 17. Rxf2 Qe3 18.
Qd3 Qxd3 19. cxd3 Rb8 20. Rc2 Bd7 21. Kf2 Rfc8 22. Rac1 Rxc2+ 23. Rxc2 Rc8 24. Rc3 Rxc3 25. bxc3 b6 26.
Ke3 Kf8 27. d4 b5 28. d5 exd5 29. Bxd5 Ke7 30. g3 Bg4 31. Kd4 h6 32. a3 Be6 33. Kc5 Bxd5 34. Kxd5 Kd7 35. Kc5 Ne7 36.
Kxb5 Nd5 37. Kc4 Ne3+ 38. Kc5 Ke6 39. a4 g5 40. Kd4 Nd5 41. c4 Nb6 42. a5 g4 43. axb6 gxf3 44. b7 f2 45.
b8=Q f1=Q 46. Qd6+ Kf5 47. Qf6+ 1-0

[Event "Polofinale MCR junioru 2023"]
[Site "Czech Republic"]
[Date "2023.11.15"]
[Round "6.14"]
[White "Bezdek, Tomas"]
[Black "Pecka, Jan"]
[Result "1/2-1/2"]
[TimeControl "90 min per 40 moves + 15 min + 30 sec / move from move 1"]
[WhiteFideId "23733551"]
[BlackFideId "23712520"]
[WhiteElo "2078"]
[BlackElo "1999"]

1. e4 c5 2. Nf3 Nc6 3. d4 cxd4 4. Nxd4 g6 5. Nc3 Bg7 6. Be3 Nf6 7. Be2 O-O 8. O-O d6 9. f3 Bd7 10.
Qd2 Rc8 11. Nxc6 bxc6 12. Rfd1 Qc7 13. Bc4 Rfd8 14. Qf2 c5 15. Rab1 Bc6 16. e5 Ne8 17. exd6 Nxd6 18. Ba6 Bb7 19.
Bxb7 Nxb7 20. Rxd8+ Rxd8 21. Ne4 Bd4 22. c3 Bxe3 23. Qxe3 Qd7 24. Nxc5 Nxc5 25. Qxc5 Qd3 26. Re1 Qc2 27.
Qxe7 Rd2 28. Qe8+ Kg7 29. Qe5+ Kg8 30. Qe8+ 1/2-1/2

[Event "Polofinale MCR junioru 2023"]
[Site "Czech Republic"]
[Date "2023.11.15"]
[Round "6.15"]
[White "Nespurek, Jakub"]
[Black "Kubiczek, Michal"]
[Result "0-1"]
[TimeControl "90 min per 40 moves + 15 min + 30 sec / move from move 1"]
[WhiteFideId "391816"]
[BlackFideId "23706996"]
[WhiteElo "1680"]
[BlackElo "2068"]

1. e4 e5 2. Nc3 Nf6 3. f4 d5 4. fxe5 Nxe4 5. Nf3 Be7 6. d4 c5 7. Bd3 Nxc3 8. bxc3 c4 9. Be2 O-O 10.
O-O Qa5 11. Qe1 Bf5 12. Bg5 Nc6 13.
Qd2 Qc7 14. Rab1 a6 15. Bf4 Qd7 16. Ng5 Rae8 17. Bh5 g6 18. Bf3 f6 19. e6 Qc8 20. Nf7 Bxe6 21. Nh6+ Kh8 22. Rfe1 g5 23.
Bg3 Kg7 24. Rxe6 Qxe6 25. Bg4 f5 26. Nxf5+ Rxf5 27. Rxb7 Qf6 28. Bxf5 Qxf5 29. Qe2 Kg6 30. Rc7 Qf6 31. h4 h6 32.
hxg5 hxg5 33. Qg4 Rf8 34. Be5 Nxe5 35. dxe5 Qb6+ 0-1

[Event "Polofinale MCR junioru 2023"]
[Site "Czech Republic"]
[Date "2023.11.15"]
[Round "6.16"]
[White "Mrazek, Adam"]
[Black "Trojan, Matyas"]
[Result "0-1"]
[TimeControl "90 min per 40 moves + 15 min + 30 sec / move from move 1"]
[WhiteFideId "23725010"]
[BlackFideId "23710764"]
[WhiteElo "1643"]
[BlackElo "1957"]

1. c4 e6 2. g3 Nf6 3. Bg2 d5 4. Nf3 dxc4 5. Qa4+ Nbd7 6. Qxc4 a6 7. O-O c5 8. Qc2 b6 9. b3 Bb7 10.
Bb2 Rc8 11. d3 Bd6 12. Nbd2 O-O 13. Nc4 Bb8 14. Rad1 b5 15. Nce5 Nd5 16. a3 Nxe5 17. Nxe5 f6 18. Nf3 e5 19.
Nd2 Qb6 20. Rc1 Ba7 21. Ne4 f5 22. Nc3 Qd6 23. Nxd5 Bxd5 24. Bxd5+ Qxd5 25. Qc3 Rce8 26. a4 f4 27. axb5 axb5 28.
Ra1 Bb6 29. Bc1 Rf6 30. e4 Qd7 31. Rd1 c4 32. Ra2 Qg4 33. Qe1 fxg3 34. hxg3 Qxg3+ 35. Kf1 Qh3+ 36. Ke2 Rxf2+ 37. Qxf2 Bxf2 38.
Kxf2 Qh2+ 0-1

[Event "Polofinale MCR junioru 2023"]
[Site "Czech Republic"]
[Date "2023.11.15"]
[Round "6.17"]
[White "Fizer, Marek"]
[Black "Vylicil, Adam"]
[Result "1/2-1/2"]
[TimeControl "90 min per 40 moves + 15 min + 30 sec / move from move 1"]
[WhiteFideId "391980"]
[BlackFideId "23717556"]
[WhiteElo "2162"]
[BlackElo "1896"]

1. e4 e6 2. d4 d5 3. Nc3 Bb4 4. e5 b6 5. a3 Bf8 6. f4 Ne7 7. Be3 Ba6 8. Bxa6 Nxa6 9. Nf3 Qd7 10.
Qe2 Nb8 11. Bf2 Ng6 12. Qd2 Be7 13. Ne2 Nc6 14. O-O Na5 15. b3 f5 16. exf6 Bxf6 17. Ne5 Bxe5 18. fxe5 O-O 19. h4 Rf7 20.
h5 Ne7 21. g4 Raf8 22. Bh4 h6 23. Rxf7 Rxf7 24. Rf1 Rxf1+ 25. Kxf1 Nb7 26. Qd3 c5 27. Nf4 cxd4 28. Bf2 Nc5 29.
Qxd4 Ne4 30. Kg2 Nc6 31. Qa1 Qe7 32. Qd1 Nxf2 33. Kxf2 Qf7 34. Kg3 Nxe5 35. Qe2 Qf6 36. Qa6 Nf7 1/2-1/2

[Event "Polofinale MCR junioru 2023"]
[Site "Czech Republic"]
[Date "2023.11.15"]
[Round "6.18"]
[White "Davidek, Zdenek"]
[Black "Roubal, Matyas"]
[Result "1/2-1/2"]
[TimeControl "90 min per 40 moves + 15 min + 30 sec / move from move 1"]
[WhiteFideId "23725001"]
[BlackFideId "23727152"]
[WhiteElo "2099"]
[BlackElo "1837"]

1. d4 Nf6 2. c4 g6 3. Nc3 Bg7 4. e4 d6 5. f3 O-O 6. Be3 c5 7. Nge2 cxd4 8. Nxd4 Nc6 9. Be2 Bd7 10.
O-O Nxd4 11. Bxd4 Bc6 12. b4 b6 13. Qd2 Nd7 14. Bxg7 Kxg7 15. Qd4+ Kg8 16. f4 Qc7 17. Rad1 Rad8 18.
a3 Rfe8 19. h4 Nf6 20. Qe3 e6 21. h5 Nxh5 22. Bxh5 gxh5 23. f5 f6 24. fxe6 Rxe6 25. Qf4 Qe7 26. Rd4 Re8 27. Rfd1 Bxe4 28.
Rxd6 Rxd6 29. Qxd6 Bb7 30. Qxe7 Rxe7 31. Nb5 Bc6 32. Rd8+ Kf7 33. Nd4 Be4 34. c5 bxc5 35. bxc5 Rc7 36.
Nb3 Bc2 37. Nd4 Be4 38. Nb3 1/2-1/2

[Event "Polofinale MCR junioru 2023"]
[Site "Czech Republic"]
[Date "2023.11.15"]
[Round "6.19"]
[White "Benes, Jachym"]
[Black "Kulhanek, Jachym"]
[Result "1/2-1/2"]
[TimeControl "90 min per 40 moves + 15 min + 30 sec / move from move 1"]
[WhiteFideId "23710870"]
[BlackFideId "23716193"]
[WhiteElo "1950"]
[BlackElo "2056"]

1. d4 Nf6 2. c4 g6 3. Nc3 Bg7 4. e4 d6 5. Nf3 O-O 6. h3 c5 7. d5 e6 8. Be2 exd5 9. exd5 Bf5 10.
Bf4 Ne4 11. Rc1 Nxc3 12. bxc3 Qc7 13. O-O Re8 14. Qd2 b6 15. Rfe1 Na6 16. g4 Bc8 17. Bd1 Rxe1+ 18. Qxe1 Qd7 19.
Rc2 Bb7 20. Re2 Bf8 21. Ng5 Nc7 22. Ne4 Ne8 23. Re3 Ba6 24. Nd2 Ng7 25. Ne4 Ne8 1/2-1/2

[Event "Polofinale MCR junioru 2023"]
[Site "Czech Republic"]
[Date "2023.11.15"]
[Round "6.20"]
[White "Hozda, Max"]
[Black "Sprinar, Michal"]
[Result "1-0"]
[TimeControl "90 min per 40 moves + 15 min + 30 sec / move from move 1"]
[WhiteFideId "23725958"]
[BlackFideId "23714190"]
[WhiteElo "2045"]
[BlackElo "1742"]

1. d4 Nf6 2. Nf3 g6 3. c4 Bg7 4. g3 c6 5. Bg2 O-O 6. O-O d5 7. b3 Nbd7 8. Bb2 Re8 9. Nc3 Nb6 10.
cxd5 cxd5 11. Ne5 Ng4 12. Nxg4 Bxg4 13. Qd2 Qd7 14. Rfd1 Rac8 15. a4 Be6 16. Nb5 a6 17. Nc3 f6 18.
a5 Na8 19. Na4 Bf7 20. Nc5 Qb5 21. Ra4 Rb8 22. Rb4 Qxa5 23. Nxb7 Qc7 24. Rc1 Qd7 25. Nc5 Qd6 26. Nb7 Qd7 27.
Nc5 Qd6 28. Ra4 Nc7 29. Ba3 Qb6 30. Bb4 Rbc8 31. Ba5 Qb5 32. Rca1 Ne6 33. Rb4 Qc6 34. Rb6 1-0

[Event "Polofinale MCR junioru 2023"]
[Site "Czech Republic"]
[Date "2023.11.15"]
[Round "6.21"]
[White "Mametev, Artem"]
[Black "Mrazek, Roman"]
[Result "1-0"]
[TimeControl "90 min per 40 moves + 15 min + 30 sec / move from move 1"]
[WhiteFideId "23710195"]
[BlackFideId "23707062"]
[WhiteElo "2024"]
[BlackElo "1866"]

1. e4 c5 2. Nf3 e6 3. d4 cxd4 4. Nxd4 Nc6 5. Nc3 a6 6. g3 Nge7 7. Bg2 Nxd4 8. Qxd4 Nc6 9. Qd3 b5 10.
O-O Bb7 11. Bf4 d6 12. Rad1 Ne5 13. Qe2 Qc7 14. Bc1 Be7 15. f4 Nd7 16. f5 e5 17. a3 Rc8 18. Kh1 Nf6 19. Rd3 h6 20.
Bf3 Nd7 21. h4 Bc6 22. Rdd1 Rb8 23. Kg2 Qb7 24. Rh1 Kd8 25. Bd2 Rc8 26. Nd5 Bxd5 27. Ba5+ Ke8 28. Rxd5 Nb6 29. Bxb6 Qxb6 30.
c3 Rc5 31. Rhd1 Rxd5 32. Rxd5 g5 33. Qd2 gxh4 34. f6 Bf8 35. g4 Rg8 36. Qf2 Qxf2+ 37. Kxf2 Rg6 38. a4 Rxf6 39. axb5 axb5 40.
Rxb5 Kd7 41. Rb8 Be7 42. Rb7+ Ke6 43. Kg2 Rg6 44. b4 Rg8 45. b5 Rc8 46. g5 f5 47. exf5+ Kxf5 48. Rxe7 hxg5 49.
Bc6 Kf4 50. Re8 Rc7 51. b6 Rxc6 52. b7 h3+ 53. Kxh3 Rxc3+ 54. Kg2 Rc2+ 55. Kf1 Rc1+ 56. Ke2 Rc2+ 57. Kd3 Rb2 58. Rf8+ Kg3 59.
b8=Q Rxb8 60. Rxb8 d5 61. Rb5 e4+ 62.
Ke3 d4+ 63. Kxd4 g4 64. Kxe4 Kf2 65. Rb2+ 1-0

[Event "Polofinale MCR junioru 2023"]
[Site "Czech Republic"]
[Date "2023.11.15"]
[Round "6.22"]
[White "Rousek, Jan"]
[Black "Siles, Jan"]
[Result "1-0"]
[TimeControl "90 min per 40 moves + 15 min + 30 sec / move from move 1"]
[WhiteFideId "386669"]
[BlackFideId "23715405"]
[WhiteElo "2006"]
[BlackElo "1829"]

1. d4 Nf6 2. c4 c5 3. d5 b5 4. cxb5 a6 5. bxa6 Bxa6 6. Nc3 g6 7. g3 d6 8. Bg2 Bg7 9. Nf3 O-O 10.
O-O Nbd7 11. Rb1 Qb6 12. b3 Rfb8 13. Bb2 c4 14. Nd4 Nc5 15. Nc6 cxb3 16. Nxb8 bxa2 17. Nxa2 Rxb8 18. Bxf6 Qxb1 19.
Qxb1 Rxb1 20. Rxb1 Bxf6 21. e3 Nd3 22. Bf1 g5 23. Nb4 Nxb4 24. Rxb4 Bxf1 25. Kxf1 Kg7 26. g4 h5 27. h3 h4 28.
Rb7 Kf8 29. Rb8+ Kg7 30. Re8 1-0

[Event "Polofinale MCR junioru 2023"]
[Site "Czech Republic"]
[Date "2023.11.15"]
[Round "6.23"]
[White "Cerny, Michal"]
[Black "Andrle, Filip"]
[Result "1-0"]
[TimeControl "90 min per 40 moves + 15 min + 30 sec / move from move 1"]
[WhiteFideId "391964"]
[BlackFideId "23718749"]
[WhiteElo "1920"]
[BlackElo "2005"]

1. e4 c5 2. Nf3 Nc6 3. d4 cxd4 4. Nxd4 Nf6 5. Nc3 d6 6. Be2 e5 7. Nb3 Be6 8. f4 exf4 9. Bxf4 Be7 10.
Qd3 O-O 11. O-O-O Ng4 12. Bxg4 Bxg4 13. Rd2 Ne5 14. Bxe5 dxe5 15. Qg3 Qc8 16. Nd5 Bg5 17. h3 Bxd2+ 18. Nxd2 Qc5 19. hxg4 Rac8 20.
c3 Rfe8 21. g5 Re6 22. Qh3 h6 23. Qf5 Rcc6 24. gxh6 Rxh6 25. Rxh6 Rxh6 26. Kc2 Rh1 27. Qg5 Qd6 28. Ne7+ Kh8 29.
Nf5 Qf8 30. Ng3 Rh2 31. Ngf1 Rh6 32. Qxe5 Re6 33. Qd5 b6 34. Ne3 Qe8 35. b3 Re5 36. Qd4 Rg5 37. g4 Ra5 38. Kb2 Qe7 39.
Ndc4 Rc5 40. e5 Qh4 41. Nc2 Qh1 42. N4e3 Qh2 43. Nc4 Qh1 44. Qd7 Qh3 45. Qxa7 Qxg4 46. Qxf7 1-0

[Event "Polofinale MCR junioru 2023"]
[Site "Czech Republic"]
[Date "2023.11.15"]
[Round "6.24"]
[White "Simunek, Jakub Simon"]
[Black "Svadlenka, Michal"]
[Result "1/2-1/2"]
[TimeControl "90 min per 40 moves + 15 min + 30 sec / move from move 1"]
[WhiteFideId "23709464"]
[BlackFideId "23717068"]
[WhiteElo "1970"]
[BlackElo "1689"]

1. e4 c5 2. Nf3 d6 3. Bb5+ Nc6 4. O-O Bd7 5. Re1 Nf6 6. c3 a6 7. Bf1 e5 8. h3 Be7 9. d4 b5 10.
a4 c4 11. b3 cxb3 12. axb5 axb5 13. Rxa8 Qxa8 14. Qxb3 O-O 15. Bxb5 Rb8 16. Ng5 Nd8 17. c4 Bxb5 18. cxb5 Qa5 19. Bd2 Qxb5 20. Qxb5 Rxb5 21. dxe5 dxe5 22.
Nc3 Rc5 23. Nf3 Nc6 24. Rc1 Nd4 25. Nxd4 exd4 26. Nd5 Nxd5 27. Rxc5 Bxc5 28. exd5 Kf8 29. Kf1 Ke7 30. Bf4 Bd6 31.
Bg5+ f6 32. Bd2 Bc5 1/2-1/2

[Event "Polofinale MCR junioru 2023"]
[Site "Czech Republic"]
[Date "2023.11.15"]
[Round "6.25"]
[White "Pressler, Tobias"]
[Black "Sadil, Antonin"]
[Result "1-0"]
[TimeControl "90 min per 40 moves + 15 min + 30 sec / move from move 1"]
[WhiteFideId "23715359"]
[BlackFideId "23735597"]
[WhiteElo "1937"]
[BlackElo "1648"]

1. e4 e5 2. Nf3 Nf6 3. Nc3 Nc6 4. Bb5 Bb4 5. O-O O-O 6. d3 d6 7. Bg5 Bxc3 8. bxc3 a6 9. Bxc6 bxc6 10. Rb1 Bg4 11. h3 Be6 12. c4 h6 13. Be3 Rb8 14. Qd2 Kh7 15. Qa5 Qd7 16. Rfc1 Rxb1 17. Rxb1 g5 18. Rb7 Ne8 19.
Kf1 f5 20. exf5 Bxf5 21. c5 Qc8 22. Ra7 Bxh3 23. Ne1 Bd7 24. cxd6 cxd6 25. Qxa6 Qxa6 26. Rxa6 Nf6 27. Ke2 Kg6 28.
Nf3 Nd5 29. a3 Nxe3 30. Kxe3 h5 31. c4 Kf5 32. g3 Kg4 33. Nd2 h4 34. gxh4 gxh4 35. Ra7 Rd8 36. Ne4 h3 37. f3+ Kh4 38.
Kf2 Bf5 39. Rf7 Bxe4 40. dxe4 Ra8 41. Rh7+ Kg5 42. Rxh3 Kg6 43. Rh1 Rxa3 44. Rd1 Ra2+ 45. Kg3 Ra6 46. Rxd6+ Kf7 47. Kg4 Ke7 48.
c5 Kf7 49. Kf5 Ra3 50. Rxc6 Rxf3+ 51. Kxe5 Ke7 52. Rc7+ Kd8 53. Rg7 Rc3 54. Kd6 Rd3+ 55. Kc6 Re3 56. Kd5 Rd3+ 57. Ke6 Rc3 58.
e5 Rxc5 59. Kd6 1-0

[Event "Polofinale MCR junioru 2023"]
[Site "Czech Republic"]
[Date "2023.11.15"]
[Round "6.26"]
[White "Mydlar, Matej"]
[Black "Hrbek, Jachym"]
[Result "1/2-1/2"]
[TimeControl "90 min per 40 moves + 15 min + 30 sec / move from move 1"]
[WhiteFideId "23735074"]
[BlackFideId "23709138"]
[WhiteElo "1809"]
[BlackElo "1913"]

1. e4 c6 2. d4 d5 3. exd5 cxd5 4. Bd3 Nc6 5. c3 Nf6 6. Bf4 g6 7. Ne2 Bg7 8. O-O O-O 9. Nd2 Bf5 10.
Bxf5 gxf5 11. Ng3 e6 12. Nh5 Nxh5 13. Qxh5 Kh8 14. Nf3 f6 15. Rfe1 Qe8 16. Qh3 Qf7 17. Re2 Rae8 18. Rae1 Qd7 19.
Qh5 Re7 20. h3 Rfe8 21. Bh2 Kg8 22. Nh4 Nd8 23. Bf4 1/2-1/2

[Event "Polofinale MCR junioru 2023"]
[Site "Czech Republic"]
[Date "2023.11.15"]
[Round "6.27"]
[White "Gregor, Alexandr"]
[Black "Babula, Matej"]
[Result "1/2-1/2"]
[TimeControl "90 min per 40 moves + 15 min + 30 sec / move from move 1"]
[WhiteFideId "23735813"]
[BlackFideId "398322"]
[WhiteElo "1601"]
[BlackElo "1899"]

1. e4 e5 2. Nf3 Nc6 3. Bc4 Nf6 4. d3 h6 5. Be3 d6 6. h3 Na5 7. Bb3 Nxb3 8. axb3 a6 9. Nc3 Be7 10.
O-O O-O 11. d4 exd4 12. Nxd4 Re8 13. Qf3 Bf8 14. Rfe1 g6 15. Rad1 Bg7 16. Nde2 Bd7 17. Nf4 Bc6 18. Nfd5 Nxd5 19.
Nxd5 Bxd5 20. exd5 Qh4 21. c3 Qe4 22. Qxe4 Rxe4 23. f3 Re7 24. Kf2 f5 25. Bf4 Rae8 26. Rxe7 Rxe7 27. Re1 Rxe1 28.
Kxe1 Kf7 29. Ke2 h5 30. Kd3 Be5 31. Bg5 Bf6 32. Bf4 Be5 33. Bg5 Ke8 34. Bh4 Kd7 35. Bg5 Ke8 36. Bh4 Bf4 37.
Bf6 Kd7 38. Bh4 c6 39. dxc6+ Kxc6 40. Bf6 Kc5 41. Bd4+ Kd5 42. Bf6 Be5 43. Bg5 Kc5 44. Be3+ Kb5 45. Bg5 Kc6 46. Be3 b5 47.
Bg5 Kd5 48. Be3 Bg3 49. Bd4 Ke6 50. Be3 Bh4 51. Bf4 Bf2 52. Ke2 1/2-1/2

[Event "Polofinale MCR junioru 2023"]
[Site "Czech Republic"]
[Date "2023.11.15"]
[Round "6.28"]
[White "Popov, Roman"]
[Black "Veny, Jaume"]
[Result "0-1"]
[TimeControl "90 min per 40 moves + 15 min + 30 sec / move from move 1"]
[WhiteFideId "23732580"]
[BlackFideId "397792"]
[WhiteElo "1889"]
[BlackElo "1729"]

1. d4 Nf6 2. c4 e6 3. Nc3 c5 4. d5 exd5 5. cxd5 d6 6. e4 g6 7. h3 Bg7 8. Nf3 O-O 9. Be2 b5 10.
Bxb5 Nxe4 11. Nxe4 Qa5+ 12. Bd2 Qxb5 13. Nxd6 Qxb2 14. Rb1 Qxa2 15. O-O Qxd5 16. Be3 Be6 17. Ng5 Na6 18. Qxd5 Bxd5 19.
Rfd1 Bc6 20. Rbc1 h6 21. Nge4 Bxe4 22. Nxe4 Rfc8 23. Nxc5 Nxc5 24. Rxc5 Rxc5 25. Bxc5 a5 26. Rd2 a4 27.
Ra2 f5 28. Kf1 Kf7 29. Ke2 Ke6 30. Kd3 Kd5 31. Ba3 h5 32. Bb4 Be5 33. f3 Bd4 34. g3 Ra6 35. Rc2 a3 36. Ra2 Bb2 37.
Bc3 Rb6 38. Bd2 Rb3+ 39. Ke2 Kc4 40. Kd1 Rxf3 0-1

[Event "Polofinale MCR junioru 2023"]
[Site "Czech Republic"]
[Date "2023.11.15"]
[Round "6.29"]
[White "Zezula, Matej"]
[Black "Fizerova, Lucie"]
[Result "1-0"]
[TimeControl "90 min per 40 moves + 15 min + 30 sec / move from move 1"]
[WhiteFideId "23725796"]
[BlackFideId "385115"]
[WhiteElo "1666"]
[BlackElo "1886"]

1. e4 c5 2. Nf3 d6 3. d4 cxd4 4. Nxd4 Nf6 5. Nc3 Nc6 6. Bg5 e6 7. Qd2 a6 8. O-O-O Bd7 9. f4 b5 10.
Nxc6 Bxc6 11. Bd3 Qb6 12. Rhg1 b4 13. Bxf6 gxf6 14. Nb1 a5 15. e5 O-O-O 16. exf6 a4 17. g4 Bd5 18. a3 b3 19.
Rg3 Rd7 20. Nc3 Bc6 21. f5 e5 22. Bc4 bxc2 23. Qxc2 Qa5 24. Bd5 Rc7 25. Kb1 Be8 26. Qe4 Rg8 27. h4 Kb8 28. g5 Rh8 29.
h5 Kc8 30. g6 Bh6 31. gxf7 Bxf7 32. Bxf7 1-0

[Event "Polofinale MCR junioru 2023"]
[Site "Czech Republic"]
[Date "2023.11.15"]
[Round "6.30"]
[White "Kocman, Patrik"]
[Black "Stejskal, Michal"]
[Result "0-1"]
[TimeControl "90 min per 40 moves + 15 min + 30 sec / move from move 1"]
[WhiteFideId "23735732"]
[BlackFideId "398195"]
[WhiteElo "1478"]
[BlackElo "1872"]

1. e4 e6 2. d4 d5 3. Nd2 c5 4. exd5 exd5 5. Ngf3 Nf6 6. Be2 Nc6 7. dxc5 Bxc5 8. Nb3 Bb6 9. c3 O-O 10.
Bg5 Bxf2+ 11. Kxf2 Ne4+ 12. Ke1 Nxg5 13. Nxg5 Qxg5 14. Kf2 Re8 15. Qd2 Qf6+ 16. Bf3 Bg4 17. Rhe1 Ne5 18. Nd4 Re7 19.
Re2 Rae8 20. Rae1 h5 21. b3 a6 22. a4 a5 23. Qc2 g6 24. b4 axb4 25. cxb4 Bxf3 26. Nxf3 Nxf3 27. gxf3 Qd4+ 28.
Kf1 Qxb4 29. Rxe7 Rxe7 30. Rxe7 Qxe7 31. Kf2 d4 32. Qc4 Qd7 0-1